 Dungeon Crawl Stone Soup version 0.31-a0-1540-g5a0b83f448 (webtiles) character file.

Game seed: 9452474168283022439

45712 MisterAzrael the Warrior (level 14, 0/138 HPs)
             Began as a Minotaur Berserker on Jan 2, 2024.
             Was a High Priest of Trog.
             Slain by an elephant (5 damage)
             ... on level 5 of the Lair of Beasts.
             The game lasted 00:31:27 (15212 turns).

MisterAzrael the Warrior (Minotaur Berserker)      Turns: 15212, Time: 00:31:28

Health: 0/138      AC: 18    Str: 33    XL:     14   Next: 2%
Magic:  13/13      EV:  8    Int:  4    God:    Trog [*****.]
Gold:   878        SH: 20    Dex: 10    Spells: 13/13 levels left

rFire   . . .        S - +5 demon blade (flame)
rCold   . . .        i - +3 kite shield {AC+3}
rNeg    . . .        B - +0 plate armour
rPois   +            (helmet restricted)
rElec   +            (no cloak)
rCorr   +            (no gloves)
SInv    .            (no boots)
Will    ++...        N - amulet of Useningy {Reflect rElec Will+ rCorr SH+5} Stlth
                     k - ring of poison resistance
HPRegen 0.43/turn    g - +6 ring of strength
MPRegen 0.13/turn

%: reflection
@: hasted, very quick
A: horns 2, retaliatory headbutt, sense surroundings 1, wild magic 1
a: Renounce Religion, Berserk, Trog's Hand, Brothers in Arms


You were on level 5 of the Lair of Beasts.
You worshipped Trog.
Trog was extremely pleased with you.
You visited 2 branches of the dungeon, and saw 16 of its levels.
You also visited: Ice Cave.

You collected 973 gold pieces.
You spent 95 gold pieces at shops.

Inventory:

Hand Weapons
 a - a +0 falchion
 f - the +3 rapier "Teteruy" {vamp, rElec Int+4 Stlth+}
   (You found it on level 10 of the Dungeon)

   Int+4:     It affects your intelligence (+4).
   rElec:     It insulates you from electricity.
   Stlth+:    It makes you more stealthy.
 y - the +5 short sword "Jepykil" {drain, rPois Str-2 SInv}
   (You found it on level 4 of the Dungeon)

   Str-2:     It affects your strength (-2).
   rPois:     It protects you from poison SInv: It lets you see invisible.
 J - a +0 long sword of protection
 M - a -2 demon whip of venom
 Q - the +2 great sword "Hellblazer" {flame, Str+4 Stlth+}
   (Trog gifted it to you on level 3 of the Lair of Beasts)

   Str+4:     It affects your strength (+4).
   Stlth+:    It makes you more stealthy.
 S - a +5 demon blade of flaming (weapon)
 T - a +0 antimagic war axe
Missiles
 v - 26 boomerangs (quivered)
Armour
 b - a +0 animal skin
 i - a +3 kite shield of protection (worn)
 j - a +0 chain mail
 o - the scarf of Geveggu {rC+ rF+, Regen+}
   (You found it on level 2 of the Dungeon)

   Regen+:    It increases your rate of health regeneration.
 s - a +0 cloak
 B - a +0 plate armour (worn)
Jewellery
 g - a +6 ring of strength (right hand)
 h - a ring of ice
 k - a ring of poison resistance (left hand)
 l - an amulet of guardian spirit
 p - a ring of positive energy
 F - a ring of protection from fire
 N - the amulet of Useningy (around neck) {Reflect rElec Will+ rCorr SH+5}
   (You bought it in a shop on level 8 of the Dungeon)

   [amulet of reflection]

   Reflect:   It reflects blocked missile attacks.
   rElec:     It insulates you from electricity.
   Will+:     It increases your willpower.
   rCorr:     It protects you from acid and corrosion.
   SH+5:      It affects your SH (+5).
 O - an amulet of faith
 R - a +6 ring of intelligence
Wands
 d - a wand of digging (4)
 r - a wand of flame (27)
 A - a wand of iceblast (16)
 I - a wand of charming (13)
 K - a wand of acid (9)
 P - a wand of mindburst (14)
Scrolls
 n - 3 scrolls of immolation
 u - 2 scrolls of revelation
 w - 3 scrolls of noise
 E - a scroll of vulnerability {unknown}
 G - 2 scrolls of poison
 V - 3 scrolls of identify
Potions
 c - 7 potions of curing
 e - 4 potions of lignification
 m - a potion of haste
 q - a potion of attraction
 D - 2 potions of enlightenment
 H - 2 potions of might
 U - a potion of berserk rage {unknown}
 W - a potion of cancellation {unknown}
Miscellaneous
 z - a phial of floods


   Skills:
 + Level 16.4 Fighting
 + Level 12.8 Long Blades
 - Level 4.4 Throwing
 + Level 12.4 Armour
 - Level 2.1 Dodging
 + Level 15.5 Shields
 * Level 4.4 Evocations


You had 13 spell levels left.
You didn't know any spells.
Your spell library was empty.

Dungeon Overview and Level Annotations

Branches:
Dungeon (11/15)            Temple (0/1) D:6            Lair (5/5) D:9
 Shoals (0/4) Lair:2       Spider (0/4) Lair:2        Slime (0/5) Lair:5
    Orc (0/2) D:9           IceCv (visited)

Altars:
Cheibriados
Fedhas
Hepliaklqana
Makhleb
Nemelex Xobeh
Sif Muna
Vehumet
Yredelemnul
Jiyva

Shops:
D:6 ?   D:8 *   D:9 [(

Annotations:
D:5 3 runed translucent doors, dialectric's ghost, weakling OpDe


Innate Abilities, Weirdness & Mutations

You have a pair of horns on your head.
You reflexively headbutt those who attack you in melee.
You passively map a small area around you.
Your spells are a little harder to cast, but a little more powerful.


Message History

The elephant tramples you!
You stumble backwards!
Splash!
You fall into the shallow water.
Moving in this stuff is going to be slow.
You hear a bleat! x2
The elephant closely misses you. You furiously retaliate!
You headbutt the elephant! You block the elephant's attack.
A dream sheep comes into view.
The elephant tramples you but does no damage.
The elephant trunk-slaps you but does no damage.
You block the elephant's attack. x2
The dream sheep ruffle their wool and motes of dream dust sparkle, to no effect. x2
A dream sheep comes into view.
The elephant tramples you but does no damage.
You block the elephant's attack.
The dream sheep headbutts you but does no damage.
A dream sheep comes into view.
The elephant tramples you but does no damage.
You block the elephant's attack. The dream sheep barely misses you.
The elephant attacks as it pursues you! You block the elephant's attack. x2
You block the dream sheep's attack.
The air fills with toxic fumes!
As you read the scroll of poison, it crumbles to dust.
You block the elephant's attack. x2
The elephant tramples you but does no damage.
The elephant trunk-slaps you but does no damage.
The dream sheep ruffle their wool and motes of dream dust sparkle, to no effect.
You block the dream sheep's attack.
You block the elephant's attack. x3; The elephant trunk-slaps you.
The dream sheep shake their wool and sparkle.
You feel drowsy...
You fall asleep.
The elephant tramples you!!!
You wake up.
* * * LOW HITPOINT WARNING * * *
You stumble backwards!
Found a potion of resistance.
The dream sheep is engulfed in poison gas.
The dream sheep is poisoned.
The dream sheep bleats!
You hear an angry hiss. x2
You feel yourself speed up.
The elephant is engulfed in poison gas.
The elephant is poisoned.
The elephant tramples you.
You die...

~ #~.~~~........... ~
#~~~§§§§..,.§§§§## ~
#~~~#§§§.#.Y§§§§§#
~~~#~~§#§§§.#.§§§§§## ~
~.~#~~§§§§§§Y#§§§§§P# ,,
~~~~.~P§§§§.#§.§§§§§.
~.#~..#§§.YYY§§§§§§. ,
~~.~#§§§§§.Y§§§§§§§! ~
##~§§§§§§Y@§§§§§§. , ~
#~~§§§§§§§§§§§§§§. ,
~#~~##§§§§§§§§§§§§. ,
~⌠#~~##§§§§§§§§§§§§.
#~~~§§§§§§§§§§§§§. , ~*
#.~§§§§§§§§§§§§§§.
#~.##.............
~~~~~~#~~~#~............
~~~~~~#~~~~~........ , ,


You could see 3 elephants and 4 dream sheep.

Vanquished Creatures
  A reaper (IceCv)
  A dire elephant (Lair:4)
  Fannar (D:10)
  Erolcha (D:9)
  A centaur warrior (D:11)
  A catoblepas (Lair:4)
  A two-headed ogre (D:10)
  2 boulder beetles
  2 death yaks (D:9)
  Amaemon (D:8)
  A skyshark (Lair:1)
  Pikel (D:5)
  A harpy (Lair:4)
  An ugly thing (D:11)
  2 manticores (Lair:5)
  2 cyclopes (D:11)
  13 elephants
  An ice statue (IceCv)
  A black mamba (Lair:5)
  8 cane toads
  An orange demon (D:8)
  4 molten gargoyles (D:10)
  4 rime drakes
  7 komodo dragons
  A tengu conjurer (D:11)
  An anaconda simulacrum (IceCv)
  2 trolls (D:10)
  2 polar bears
  Prince Ribbit (D:6)
  9 blink frogs
  A culicivora (Lair:2)
  A tarantella (Lair:2)
  2 shadows (D:10)
  37 yaks
  A dire elephant simulacrum (IceCv)
  Eustachio (D:5)
  4 wraiths
  4 wyverns
  A basilisk (Lair:4)
  4 vampire mosquitoes (D:11)
  4 steam dragons
  2 harpy simulacra (IceCv)
  6 death yak simulacra
  2 hydra simulacra (IceCv)
  Edmund (D:5)
  Menkaure (D:7)
  Duvessa (D:5)
  2 acid dragons
  8 water moccasins
  8 orc warriors
  3 ice beasts (D:6)
  4 ogres
  9 wolves (Lair:4)
  3 centaurs
  A lemure (D:5)
  2 phantoms (D:6)
  4 kobold brigands
  2 scorpions (D:5)
  5 two-headed ogre simulacra (IceCv)
  7 bullfrogs
  A gnoll sergeant (D:9)
  2 cane toad simulacra
  Dowan (D:5)
  7 wights
  3 elephant simulacra
  7 killer bees (D:9)
  2 bombardier beetles
  A jelly (D:8)
  10 orc priests
  2 hounds
  3 iguanas
  11 orc wizards
  A polar bear simulacrum (IceCv)
  4 spriggan simulacra (IceCv)
  3 troll simulacra (IceCv)
  3 wolf simulacra
  9 adders
  3 gnolls (D:9)
  7 naga simulacra (IceCv)
  A shadow imp (D:7)
  6 white imps (IceCv)
  11 ufetubi
  5 dart slugs
  57 orcs
  3 endoplasms
  5 giant cockroaches
  6 hobgoblins
  12 jackals
  21 kobolds
  4 quokkas
  10 ball pythons
  3 bats (D:2)
  7 frilled lizards
  8 goblins
  7 rats
452 creatures vanquished.

Vanquished Creatures (collateral kills)
  3 death yaks (D:9)
  A manticore (Lair:5)
  2 elephants (Lair:5)
  A rime drake (Lair:5)
  A polar bear (Lair:5)
  A wyvern (Lair:5)
  A kobold (D:9)
10 creatures vanquished.

Vanquished Creatures (others)
  A hornet (Lair:5)
  An orc (D:9)
2 creatures vanquished.

Grand Total: 464 creatures vanquished

Notes
Turn   | Place    | Note
-------+----------+-------------------------------------------
     0 | D:1      | MisterAzrael the Minotaur Berserker began the quest for the
                  | Orb.
     0 | D:1      | Reached XP level 1. HP: 19/19 MP: 0/0
    25 | D:1      | Reached skill level 4 in Fighting
    77 | D:1      | Reached XP level 2. HP: 21/28 MP: 1/1
   454 | D:1      | Reached skill level 5 in Fighting
   460 | D:1      | Reached ** piety under Trog
   462 | D:1      | Reached XP level 3. HP: 23/36 MP: 2/2
   960 | D:2      | Found a faded altar of an unknown god.
  1506 | D:2      | Reached skill level 6 in Fighting
  1506 | D:2      | Reached XP level 4. HP: 44/44 MP: 3/3
  1572 | D:2      | Identified the scarf of Geveggu {rC+ rF+, Regen+}
  1755 | D:3      | Reached skill level 7 in Fighting
  1755 | D:3      | Reached XP level 5. HP: 52/52 MP: 4/4
  1851 | D:3      | Reached *** piety under Trog
  1931 | D:3      | Reached skill level 8 in Fighting
  2087 | D:3      | Reached XP level 6. HP: 61/61 MP: 5/5
  3075 | D:4      | Identified the +5 short sword "Jepykil" {drain, rPois Str-2
                  | SInv}
  3374 | D:5      | Entered Level 5 of the Dungeon
  3387 | D:5      | Reached skill level 9 in Fighting
  3584 | D:5      | Found a radiant altar of Vehumet.
  3716 | D:5      | Reached XP level 7. HP: 26/71 MP: 2/6
  3796 | D:5      | Noticed Duvessa
  3797 | D:5      | Noticed Dowan
  3815 | D:5      | Killed Duvessa
  3816 | D:5      | Reached skill level 10 in Fighting
  3843 | D:5      | Killed Dowan
  3952 | D:5      | Noticed Eustachio
  3970 | D:5      | Killed Eustachio
  3971 | D:5      | Reached skill level 11 in Fighting
  4057 | D:5      | Reached skill level 1 in Shields
  4057 | D:5      | Reached XP level 8. HP: 70/82 MP: 5/7
  4083 | D:5      | Reached **** piety under Trog
  4191 | D:5      | Noticed Edmund
  4217 | D:5      | Killed Edmund
  4237 | D:5      | Noticed Pikel
  4247 | D:5      | Killed Pikel
  4248 | D:5      | Reached skill level 12 in Fighting
  4248 | D:5      | Reached skill level 5 in Long Blades
  4279 | D:5      | Found a runed translucent gate.
  4279 | D:5      | Found a runed translucent gate.
  4280 | D:5      | Found a runed translucent gate.
  4282 | D:5      | Noticed dialectric's ghost (weakling OpDe)
  4644 | D:6      | Found Otuec's Magic Scroll Shoppe.
  4686 | D:6      | Reached skill level 5 in Shields
  4722 | D:6      | Reached XP level 9. HP: 90/90 MP: 5/8
  4899 | D:6      | Noticed Prince Ribbit
  4935 | D:6      | Killed Prince Ribbit
  4936 | D:6      | Reached skill level 5 in Armour
  5055 | D:6      | Found a shimmering blue altar of Sif Muna.
  5368 | D:6      | Found a staircase to the Ecumenical Temple.
  5830 | D:7      | Noticed Menkaure
  5846 | D:7      | Killed Menkaure
  5995 | D:7      | Found a sparkling altar of Nemelex Xobeh.
  6378 | D:8      | Reached ***** piety under Trog
  6481 | D:8      | Reached XP level 10. HP: 94/100 MP: 7/9
  6524 | D:8      | Found Femub's Assorted Antiques.
  6524 | D:8      | Noticed an orange demon
  6525 | D:8      | Noticed Amaemon
  6572 | D:8      | Killed Amaemon
  6573 | D:8      | Reached skill level 13 in Fighting
  6575 | D:8      | Killed an orange demon
  6649 | D:8      | Bought a heavily runed lead amulet for 95 gold pieces
  6649 | D:8      | Identified the amulet of Useningy {Reflect rElec Will+
                  | rCorr SH+5} (You bought it in a shop on level 8 of the
                  | Dungeon)
  6806 | D:8      | Found a blossoming altar of Fedhas.
  6841 | D:8      | Found a burning altar of Makhleb.
  7268 | D:9      | Received a gift from Trog
  7350 | D:9      | Reached skill level 10 in Shields
  7369 | D:9      | Found Qikh's Armour Boutique.
  7370 | D:9      | Found a staircase to the Orcish Mines.
  7415 | D:9      | Found Nosulyq's Weapon Boutique.
  7507 | D:9      | Noticed a death yak
  7513 | D:9      | Noticed a death yak
  7514 | D:9      | Noticed a death yak
  7516 | D:9      | Noticed a death yak
  7517 | D:9      | Noticed a death yak
  7518 | D:9      | Noticed Erolcha
  7538 | D:9      | Killed a death yak
  7545 | D:9      | Killed a death yak
  7546 | D:9      | Reached XP level 11. HP: 50/108 MP: 10/10
  7548 | D:9      | Killed a death yak
  7550 | D:9      | Killed a death yak
  7553 | D:9      | Killed a death yak
  7572 | D:9      | Killed Erolcha
  7573 | D:9      | Reached skill level 14 in Fighting
  7599 | D:9      | Found a staircase to the Lair.
  7862 | D:10     | Entered Level 10 of the Dungeon
  7932 | D:10     | Identified the +3 rapier "Teteruy" {vamp, rElec Int+4
                  | Stlth+}
  8165 | D:10     | Found a basalt altar of Yredelemnul.
  8230 | D:10     | Found a hazy altar of Hepliaklqana.
  8230 | D:10     | Noticed a two-headed ogre
  8245 | D:10     | Killed a two-headed ogre
  8257 | D:10     | Noticed Fannar
  8277 | D:10     | Killed Fannar
  8522 | D:10     | Reached skill level 10 in Long Blades
  8767 | D:10     | Found a snail-covered altar of Cheibriados.
  9188 | D:11     | Noticed a boulder beetle
  9203 | D:11     | Killed a boulder beetle
  9204 | D:11     | Reached XP level 12. HP: 116/118 MP: 11/11
  9532 | D:11     | Reached skill level 10 in Armour
  9878 | D:11     | Noticed a six-headed hydra
  9878 | D:11     | Noticed a centaur warrior
  9878 | D:11     | Noticed an ogre mage
  9878 | D:11     | Noticed a centaur warrior
  9883 | D:11     | Killed a centaur warrior
  9884 | D:11     | a harpy changed into an entropy weaver
  9884 | D:11     | Noticed an entropy weaver (shapeshifter)
  9978 | Lair:1   | Entered Level 1 of the Lair of Beasts
 10058 | Lair:1   | Reached skill level 15 in Fighting
 10148 | Lair:1   | Reached skill level 1 in Throwing
 10319 | Lair:1   | You fall into a shaft and drop 1 floor!
 10331 | Lair:2   | Found a hole to the Spider Nest.
 10454 | Lair:2   | Found a staircase to the Shoals.
 10888 | Lair:2   | Noticed a boulder beetle
 10902 | Lair:2   | Killed a boulder beetle
 10903 | Lair:2   | Reached XP level 13. HP: 127/127 MP: 12/12
 11318 | Lair:1   | Received a gift from Trog
 11391 | Lair:1   | Gained mutation: You passively map a small area around you.
                  | [potion of mutation]
 11391 | Lair:1   | Gained mutation: Your spells are a little harder to cast,
                  | but a little more powerful. [potion of mutation]
 11882 | Lair:3   | Found a frozen archway.
 11934 | IceCv    | Entered an ice cave
 12075 | IceCv    | Reached skill level 15 in Shields
 12401 | IceCv    | Noticed a reaper
 12410 | IceCv    | Reached skill level 16 in Fighting
 12428 | IceCv    | Killed a reaper
 12429 | IceCv    | Reached skill level 1 in Evocations
 13142 | Lair:3   | Identified the +2 great sword "Hellblazer" {flame, Str+4
                  | Stlth+} (Trog gifted it to you on level 3 of the Lair of
                  | Beasts)
 13142 | Lair:3   | Received a gift from Trog
 14557 | Lair:5   | Entered Level 5 of the Lair of Beasts
 14561 | Lair:5   | Found a viscous altar of Jiyva.
 14561 | Lair:5   | Found a staircase to the Slime Pits.
 14577 | Lair:5   | Noticed a dire elephant
 14837 | Lair:4   | Killed a dire elephant
 15162 | Lair:5   | Reached XP level 14. HP: 62/138 MP: 13/13
 15211 | Lair:5   | HP: 4/138 [elephant (44)]
 15212 | Lair:5   | Slain by an elephant

Illustrated notes

Levels and vault maps discovered:
D:1:      eino_arrival_water_star, layout_loops_ring,
          kennysheep_decorative_pillar
D:2:      layout_basic, shapermc_ecumenical_altar_mp_ritualfount
D:3:      layout_basic, kennysheep_generic_room_15
D:4:      layout_loops_ring
D:5:      layout_basic, amcnicky_altar_gilded, biasface_ghost_orc_armoury,
          uniq_duvessa, uniq_edmund, uniq_pikel, uniq_eustachio
D:6:      layout_basic, nicolae_sif_muna_little_library,
          minmay_temple_entry_nine_rooms, serial_shops, kennysheep_little_box,
          uniq_prince_ribbit1
D:7:      layout_basic, nemelex_xobeh_ov_fountains_minmay, uniq_menkaure
D:8:      layout_basic, lemuel_tele_altar, fedhas_bush_and_centaur_altar,
          serial_shops, nicolae_shop_overgrown_old_shop, uniq_amaemon
D:9:      layout_loops_ring, dpeg_lair_monsters, orc_david_3, uniq_erolcha
D:10:     layout_gridville, lemuel_crystal_altar,
          mainiacjoe_overflow_catch_the_wave, minivault_8, uniq_fannar
D:11:     minmay_the_grid_triangle_9x9_rhombus_thin
          [minmay_the_grid_triangle_9x9_zippers_horizontal,
          minmay_the_grid_triangle_9x9_prize_top_heavy,
          minmay_the_grid_triangle_9x9_sprig,
          minmay_the_grid_triangle_9x9_limited_checkers], layout_grid_maze
Lair:1:   layout_chaotic_city, grunt_megastairs_1, serial_bayou_shore_a
Lair:2:   layout_cave_pods, elwin_shoals_entry_rocks, spider_nest_entry_rubble
Lair:3:   layout_cave_pods, portal_ice_cave_entry_ice_simulacra, serial_rivers,
          chequers_serial_rivers_micro_e, chequers_serial_rivers_marsh,
          chequers_serial_rivers_small_3, chequers_serial_rivers_micro_a,
          chequers_serial_rivers_micro_d, chequers_serial_rivers_micro_b,
          hibernation_bobbens
Lair:4:   layout_cave_pods
Lair:5:   gammafunk_lair_ancient_temple, layout_misc_corridors, slime_entry_1,
          nicolae_lair_grove_arrangements

Skill      XL: |  1  2  3  4  5  6  7  8  9 10 11 12 13 |
---------------+----------------------------------------+-----
Fighting       | 4 5 6 7 8 9 11 12 13 14 15 16 | 16.4
Shields        | 1 5 8 10 13 14 15 | 15.5
Long Blades    | 5 7 8 10 11 12 | 12.8
Armour         | 4 6 8 9 11 12 | 12.4
Throwing       | 3 4 |  4.4
Evocations     | 4 |  4.4
Dodging        | |  2.1

Action                     |  1- 3 |  4- 6 |  7- 9 | 10-12 | 13-15 || total
---------------------------+-------+-------+-------+-------+-------++-------
  Melee: Falchion          |   111 |   188 |   309 |       |       ||   608
         Headbutt          |    15 |    26 |    77 |   139 |   118 ||   375
         Short sword       |       |    50 |    23 |       |       ||    73
         Long sword        |       |       |    98 |   170 |       ||   268
         Demon blade       |       |       |       |   491 |   447 ||   938
         Great sword       |       |       |       |       |    18 ||    18
  Throw: Boomerang         |       |       |       |       |     1 ||     1
 Invoke: Trog's Hand       |       |     2 |     2 |     1 |       ||     5
         Berserk           |       |     1 |     2 |     2 |     1 ||     6
         Brothers in Arms  |       |       |       |     2 |     1 ||     3
  Evoke: Wand              |       |       |       |     1 |    10 ||    11
    Use: Scroll            |       |       |     6 |    15 |     8 ||    29
         Potion            |       |       |     2 |     2 |    13 ||    17
 Armour: Animal skin       |    43 |       |       |       |       ||    43
         Chain mail        |    39 |   244 |    54 |       |       ||   337
         Plate armour      |       |       |   302 |   362 |   298 ||   962
  Dodge: Dodged            |    63 |   121 |    98 |   132 |   112 ||   526
  Block: Kite shield       |    34 |   134 |   245 |   695 |   539 ||  1647
         Reflection        |       |       |       |    14 |     5 ||    19
         Other             |       |       |       |       |     6 ||     6

Table legend: (Time is in decaauts)
 A = Elapsed time spent in this place.
 B = Non-inter-level travel time spent in this place.
 C = Inter-level travel time spent in this place.
 D = Time resting spent in this place.
 E = Time spent auto-exploring this place.
 F = Levels seen in this place.
 G = Mean time per level.
                   A        B        C        D        E       F      G
               +--------+--------+--------+--------+--------+-----+--------+
         Total |  15258 |  14658 |    600 |   1239 |   9582 |  17 |  897.5 |
       Dungeon |  10141 |   9667 |    474 |    887 |   6217 |  11 |  921.9 |
          Lair |   4181 |   4056 |    125 |    298 |   2771 |   5 |  836.2 |
      Ice Cave |    935 |    935 |      0 |     54 |    594 |   1 |  935.0 |
               +--------+--------+--------+--------+--------+-----+--------+

Top non-repeatable levels by time:
     D:5: 1282 daAuts
  Lair:4: 1160 daAuts
    D:11: 1143 daAuts
     D:3: 1059 daAuts
     D:8: 981 daAuts
  Lair:3: 973 daAuts
  Lair:2: 970 daAuts
    D:10: 951 daAuts
   IceCv: 935 daAuts
     D:1: 929 daAuts
     D:6: 899 daAuts
     D:9: 815 daAuts
  Lair:1: 756 daAuts
     D:2: 739 daAuts
     D:4: 709 daAuts
